 Dungeon Crawl Stone Soup version 0.29.1-15-g9cfb28693d (webtiles) character file.

Game seed: 11866941947315707115

270 jtron the Chopper (level 6, -1/76 HPs)
             Began as a Gnoll Wanderer on Mar 3, 2023.
             Slain by Pikel
             ... wielding a +1 whip of electrocution
              (4 damage)
             ... on level 5 of the Dungeon.
             The game lasted 00:09:44 (3329 turns).

jtron the Chopper (Gnoll Wanderer)                  Turns: 3329, Time: 00:09:46

Health: -1/76      AC: 23    Str: 10    XL:     6   Next: 22%
Magic:  9/9        EV:  2    Int: 10    God:
Gold:   117        SH:  0    Dex: 16    Spells: 7/9 levels left

rFire   + . .      SeeInvis .   a - +3 hand axe
rCold   . . .      Faith    .   (no shield)
rNeg    . . .      Spirit   .   (body armour currently unavailable)
rPois   +          Reflect  .   (helmet currently unavailable)
rElec   .          Harm     .   (cloak currently unavailable)
rCorr   .          Rampage  .   (gloves currently unavailable)
Will    .....      NoTele   +   (boots currently unavailable)
Stlth   ++........              (no amulet)
HPRegen 0.22/turn               p - ring of wizardry
MPRegen 0.11/turn               v - ring of protection from fire

@: tree-form
A: stationary, stasis, torment immunity, boosted hp, (fangs 1), strong nose,
distributed training
a: no special abilities


You were on level 5 of the Dungeon.
You were a tree.
You visited 1 branch of the dungeon, and saw 5 of its levels.

You collected 145 gold pieces.
You spent 28 gold pieces at shops.

Inventory:

Hand Weapons
 a - a +3 hand axe (weapon)
 b - a +0 vorpal sling
 c - a +0 dagger
 t - the +6 flail "Kevoit" {flame, rElec rF+ rC- Str+4}
   (You found it on level 4 of the Dungeon)

   It burns those it strikes, dealing additional fire damage.
   Str:       It affects your strength (+4).
   rF:        It protects you from fire.
   rC:        It makes you vulnerable to cold.
   rElec:     It insulates you from electricity.
Missiles
 f - 42 stones
 g - 4 datura-tipped darts
 o - 8 poisoned darts (quivered)
Armour
 e - a +0 robe (melded)
 h - the +0 ring mail of Good Intentions {Drain rF+ Stlth+}
   (You found it on level 4 of the Dungeon)

   rF:        It protects you from fire.
   Drain:     It drains your maximum health when unequipped.
   Stlth:     It makes you more stealthy.
 r - a +0 helmet (melded)
Jewellery
 p - a ring of wizardry (left branch)
 v - a ring of protection from fire (right branch)
Wands
 k - a wand of flame (2)
Scrolls
 d - 2 scrolls of silence
 l - a scroll of enchant armour {unknown}
 m - a scroll of poison {unknown}
 n - a scroll of acquirement {unknown}
 q - a scroll of amnesia {unknown}
 s - a scroll of blinking {unknown}
Potions
 i - a potion of resistance
 j - a potion of mutation


   Skills:
 + Level 5.0 Fighting
 + Level 2.0 Short Blades
 + Level 2.0 Long Blades
 + Level 6.8 Axes
 + Level 2.0 Maces & Flails
 + Level 2.0 Polearms
 + Level 2.0 Staves
 + Level 2.0 Ranged Weapons
 + Level 5.0 Throwing
 + Level 2.0 Armour
 + Level 5.0 Dodging
 + Level 2.0 Stealth
 + Level 2.0 Shields
 + Level 2.0 Unarmed Combat
 + Level 2.0 Spellcasting
 + Level 1.5 Conjurations
 + Level 1.5 Hexes
 + Level 1.5 Summonings
 + Level 1.5 Necromancy
 + Level 1.5 Translocations
 + Level 1.5 Transmutations
 + Level 1.5 Fire Magic
 + Level 1.5 Ice Magic
 + Level 1.5 Air Magic
 + Level 1.5 Earth Magic
 + Level 1.5 Poison Magic
 + Level 2.1 Invocations
 + Level 3.2 Evocations


You had 7 spell levels left.
You knew the following spells:

 Your Spells              Type           Power      Damage    Failure   Level
a - Blink                 Tloc           8%         N/A       11%         2

Your spell library contained the following spells:

 Spells                   Type           Power      Damage    Failure   Level
 Ensorcelled Hibernation  Hex/Ice        8%         N/A       11%         2
 Passwall                 Tmut/Erth      3%         N/A       11%         2
 Lesser Beckoning         Tloc           4%         N/A       21%         3
 Swiftness                Air            4%         N/A       21%         3
 Manifold Assault         Tloc           4%         N/A       86%         5


Dungeon Overview and Level Annotations

Branches:
Dungeon (5/15)
 Temple: D:4-7

Altars:
Nemelex Xobeh
Sif Muna
Vehumet

Shops:
D:1 ?

Annotations:
D:5 Pikel


Innate Abilities, Weirdness & Mutations

You are a tree.
Your roots penetrate the ground, keeping you stationary.
You cannot be teleported.
You are immune to unholy pain and torment.
Your maximum health is greatly increased.
Your equipment is partially melded.
((You have very sharp teeth.))
Your uncanny sense of smell can sniff out nearby items.
Your experience applies equally to all skills.


Message History

You hit Pikel but do no damage.
Pikel is moderately wounded.
Pikel says, "All the lords of Hell know my name!"
Pikel hits you with a +1 whip of electrocution!
* * * LOW HITPOINT WARNING * * *
You hit Pikel.
Pikel is moderately wounded.
Pikel hits you but does no damage.
You hit Pikel.
Pikel is moderately wounded.
Pikel hits you but does no damage.
You are electrocuted!
* * * LOW HITPOINT WARNING * * *
Aiming: Throw Flame
Press: ? - help, Shift-Dir - straight line, f - Pikel
Aim: Pikel, wielding a +1 whip of electrocution and wearing a +1 robe (moderately wounded, 64% to hit)
The puff of flame hits Pikel.
Pikel is heavily wounded.
Pikel completely misses you.
Aiming: Throw Flame
Press: ? - help, Shift-Dir - straight line, f/p - Pikel
Aim: Pikel, wielding a +1 whip of electrocution and wearing a +1 robe (heavily wounded, 64% to hit)
The puff of flame misses Pikel.
The puff of flame hits the lemure!
The lemure is severely wounded.
Pikel says, "You'll make a fine lemure."
Pikel hits you with a +1 whip of electrocution!
* * * LOW HITPOINT WARNING * * *
Aiming: Throw Flame
Press: ? - help, Shift-Dir - straight line, f/p - Pikel
Aim: Pikel, wielding a +1 whip of electrocution and wearing a +1 robe (heavily wounded, 64% to hit)
The puff of flame misses Pikel.
The puff of flame hits the lemure!
The lemure is almost dead.
Pikel hits you but does no damage.
Okay, then.
Aiming: Throw Flame
Press: ? - help, Shift-Dir - straight line, f/p - Pikel
Aim: Pikel, wielding a +1 whip of electrocution and wearing a +1 robe (heavily wounded, 64% to hit)
The puff of flame hits Pikel.
Pikel is heavily wounded.
Pikel hits you with a +1 whip of electrocution.
You die...

#.# ...
#.# #.#
#.# #.#
#####.#
#...<.#
#♣#####
#K# #5#
∆ #5#
#55 ###


You could see Pikel and 4 lemures.

Vanquished Creatures
  An ogre (D:4)
  Ijyb (D:3)
  7 gnolls
  3 adders
  A worm (D:4)
  2 orcs (D:3)
  7 endoplasms
  4 giant cockroaches
  5 goblins
  4 hobgoblins
  4 jackals (D:4)
  3 quokkas
  3 ball pythons
  5 bats
  2 frilled lizards
  2 kobolds (D:1)
  5 rats
59 creatures vanquished.

Vanquished Creatures (collateral kills)
  An orc wizard (D:3)
  An orc (D:3)
  A giant cockroach (D:3)
  A goblin (D:4)
  A quokka (D:3)
5 creatures vanquished.

Grand Total: 64 creatures vanquished

Notes
Turn   | Place    | Note
-------+----------+-------------------------------------------
     0 | D:1      | jtron the Gnoll Wanderer began the quest for the Orb.
     0 | D:1      | jtron set off with the following items: a +3 hand axe, 8
                  | poisoned darts, a +0 dagger, a scroll of silence, a +0
                  | robe.
     0 | D:1      | Reached XP level 1. HP: 20/20 MP: 1/1
   169 | D:1      | Reached XP level 2. HP: 26/26 MP: 2/2
   467 | D:1      | Found Wiakep's Magic Scroll Shop.
   475 | D:1      | Reached XP level 3. HP: 31/31 MP: 3/3
   634 | D:1      | Reached skill level 1 in Invocations
   755 | D:1      | Bought a scroll of identify for 28 gold pieces
   806 | D:2      | Found a faded altar of an unknown god.
  1064 | D:2      | Reached skill level 1 in Short Blades
  1064 | D:2      | Reached skill level 1 in Long Blades
  1064 | D:2      | Reached skill level 1 in Maces & Flails
  1064 | D:2      | Reached skill level 1 in Polearms
  1064 | D:2      | Reached skill level 1 in Staves
  1064 | D:2      | Reached skill level 1 in Ranged Weapons
  1064 | D:2      | Reached skill level 1 in Armour
  1064 | D:2      | Reached skill level 1 in Stealth
  1064 | D:2      | Reached skill level 1 in Shields
  1064 | D:2      | Reached skill level 1 in Unarmed Combat
  1064 | D:2      | Reached skill level 1 in Spellcasting
  1203 | D:2      | Found a radiant altar of Vehumet.
  1369 | D:2      | Reached XP level 4. HP: 28/38 MP: 5/5
  1781 | D:3      | Noticed Ijyb
  1810 | D:4      | Identified the +0 ring mail of Good Intentions {Drain rF+
                  | Stlth+}
  1877 | D:4      | Learned a level 2 spell: Blink
  1925 | D:3      | Reached skill level 1 in Conjurations
  1925 | D:3      | Reached skill level 1 in Hexes
  1925 | D:3      | Reached skill level 1 in Summonings
  1925 | D:3      | Reached skill level 1 in Necromancy
  1925 | D:3      | Reached skill level 1 in Translocations
  1925 | D:3      | Reached skill level 1 in Transmutations
  1925 | D:3      | Reached skill level 1 in Fire Magic
  1925 | D:3      | Reached skill level 1 in Ice Magic
  1925 | D:3      | Reached skill level 1 in Air Magic
  1925 | D:3      | Reached skill level 1 in Earth Magic
  1925 | D:3      | Reached skill level 1 in Poison Magic
  2169 | D:3      | Killed Ijyb
  2170 | D:3      | Reached XP level 5. HP: 28/43 MP: 5/7
  2369 | D:3      | Found a sparkling altar of Nemelex Xobeh.
  2370 | D:3      | Found a shimmering blue altar of Sif Muna.
  2654 | D:4      | Identified the +6 flail "Kevoit" {flame, rElec rF+ rC-
                  | Str+4}
  2704 | D:4      | Noticed an ogre
  2719 | D:4      | Killed an ogre
  2983 | D:4      | Reached XP level 6. HP: 27/50 MP: 8/8
  3044 | D:4      | Reached skill level 5 in Fighting
  3044 | D:4      | Reached skill level 5 in Throwing
  3044 | D:4      | Reached skill level 5 in Dodging
  3194 | D:5      | Entered Level 5 of the Dungeon
  3305 | D:5      | Noticed Pikel
  3327 | D:5      | HP: 2/76 [Pikel/+1 whip of electrocution (7)]
  3329 | D:5      | Slain by Pikel

Illustrated notes

Levels and vault maps discovered:
D:1:      saegor_arrival_simple_c, layout_basic, serial_shops,
          nicolae_shop_statue_plus
D:2:      layout_loops_ring, hellmonk_ecumenical_altar_zigzags, basic_altar
D:3:      layout_rooms, mainiacjoe_overflow_divided_tiny, gup_sewer_entry_bowl,
          uniq_ijyb
D:4:      layout_cave_pools
D:5:      layout_loops_corners, serial_shops, nicolae_diamond_shop, uniq_pikel,
          uniq_edmund

Skill      XL: |  1  2  3  4  5  6 |
---------------+-------------------+-----
Invocations    | 1 2 |  2.1
Short Blades   | 1 2 |  2.0
Long Blades    | 1 2 |  2.0
Maces & Flails | 1 2 |  2.0
Polearms       | 1 2 |  2.0
Staves         | 1 2 |  2.0
Ranged Weapons | 1 2 |  2.0
Armour         | 1 2 |  2.0
Stealth        | 1 2 |  2.0
Shields        | 1 2 |  2.0
Unarmed Combat | 1 2 |  2.0
Spellcasting   | 1 2 |  2.0
Conjurations   | 1 |  1.5
Hexes          | 1 |  1.5
Summonings     | 1 |  1.5
Necromancy     | 1 |  1.5
Translocations | 1 |  1.5
Transmutations | 1 |  1.5
Fire Magic     | 1 |  1.5
Ice Magic      | 1 |  1.5
Air Magic      | 1 |  1.5
Earth Magic    | 1 |  1.5
Poison Magic   | 1 |  1.5
Evocations     | 3 |  3.2
Fighting       | 5 |  5.0
Throwing       | 5 |  5.0
Dodging        | 5 |  5.0
Axes           | |  6.8

Action                   |  1- 3 |  4- 6 || total
-------------------------+-------+-------++-------
Melee: Hand axe          |    77 |    80 ||   157
       Bite              |     7 |     6 ||    13
       Punch             |       |     3 ||     3
 Fire: Sling             |       |    16 ||    16
Throw: Stone             |     2 |       ||     2
       Dart              |     2 |    19 ||    21
Evoke: Wand              |       |     5 ||     5
  Use: Potion            |     3 |     5 ||     8
       Scroll            |     1 |     2 ||     3
 Stab: Sleeping          |     2 |     2 ||     4
Armor: Robe              |     9 |     4 ||    13
       Skin              |       |    15 ||    15
Dodge: Dodged            |    44 |    39 ||    83
